 Dungeon Crawl Stone Soup version 0.28-a0-479-g5baa6b73be (webtiles) character file.

Game seed: 12751806862394786982

5121 bande the Cleaver (level 10, -12/63 HPs)
             Began as a Gargoyle Fighter on Sept 17, 2021.
             Was a Priest of Okawaru.
             Mangled by a komodo dragon (16 damage)
             ... on level 9 of the Dungeon.
             The game lasted 00:17:36 (8123 turns).

bande the Cleaver (Gargoyle Fighter)                Turns: 8123, Time: 00:17:36

Health: -12/63     AC: 26    Str: 25    XL:     10   Next: 58%
Magic:  11/11      EV: 12    Int:  9    God:    Okawaru [***...]
Gold:   555        SH:  6    Dex: 10    Spells: 9/9 levels left

rFire   . . .      SeeInvis .   t - +4 hand axe
rCold   . . .      Faith    .   c - +1 buckler
rNeg    + . .      Spirit   .   D - +5 chain mail of the Present {rPois}
rPois   ∞          Reflect  .   r - +1 helmet "Eleinaus" {Str+3}
rElec   +          Harm     .   (no cloak)
rCorr   .          Rampage  .   z - +0 pair of gloves
Will    .....                   (no boots)
Stlth   ..........              m - amulet of regeneration
HPRegen 1.20/turn               A - +4 ring of evasion
MPRegen 0.12/turn               (no ring)

@: no status effects
A: sickness immunity, AC +7, negative energy resistance 1, electricity
resistance, torment resistance 1, petrification resistance
a: Renounce Religion, Heroism


You were on level 9 of the Dungeon.
You worshipped Okawaru.
Okawaru was most pleased with you.
You visited 3 branches of the dungeon, and saw 11 of its levels.

You collected 555 gold pieces.

Inventory:

Hand Weapons
 a - a +1 war axe of freezing
 t - a +4 hand axe (weapon)
 x - the +3 mace of Pain and Death {vorpal, Fragile rC+ rCorr Dex+3}
   (You found it on level 5 of the Dungeon)

   It inflicts extra damage upon your enemies.
   Dex:       It affects your dexterity (+3).
   rC:        It protects you from cold.
   rCorr:     It protects you from acid and corrosion.
   Fragile:   It will be destroyed if unequipped.
 G - a +0 flail
 H - a +0 war axe of electrocution
Missiles
 w - a throwing net (quivered)
Armour
 c - a +1 buckler (worn)
 r - the +1 helmet "Eleinaus" (worn) {Str+3}
   (You took it off Robin on level 3 of the Dungeon)

   Str:       It affects your strength (+3).
 z - a +0 pair of gloves (worn)
 C - a +0 kite shield
 D - the +5 chain mail of the Present (worn) {rPois}
   (You found it on level 6 of the Dungeon)

   rPois:     It protects you from poison.
 F - a +2 ring mail of fire resistance
Jewellery
 e - an amulet of guardian spirit
 h - a ring of fire
 m - an amulet of regeneration (around neck)
 A - a +4 ring of evasion (left hand)
Wands
 q - a wand of mindburst (7)
 u - a wand of polymorph (8)
Scrolls
 f - a scroll of enchant weapon
 l - a scroll of magic mapping
 y - a scroll of enchant armour
 B - a scroll of blinking
 E - 2 scrolls of teleportation
 I - a scroll of amnesia
Potions
 b - 2 potions of curing
 d - 2 potions of brilliance
 g - a potion of degeneration {unknown}
 i - 4 potions of heal wounds
 j - 2 potions of magic
 k - 3 potions of flight
 n - a potion of attraction {unknown}
 o - a potion of might
 p - a potion of resistance
 s - a potion of cancellation {unknown}
 v - a potion of berserk rage {unknown}


   Skills:
 + Level 7.2 Fighting
 + Level 9.4 Axes
 + Level 7.4 Armour
 + Level 6.2 Shields
 * Level 1.6 Invocations
 * Level 5.3 Evocations


You had 9 spell levels left.
You didn't know any spells.
Your spell library contained the following spells:

 Spells                   Type           Power      Damage    Failure   Level
 Apportation              Tloc           0%         N/A       92%         1
 Beastly Appendage        Tmut           0%         N/A       92%         1
 Corpse Rot               Necr/Air       N/A        N/A       98%         2
 Poisonous Vapours        Pois/Air       0%         N/A       98%         2
 Wereblood                Tmut           0%         N/A       98%         2
 Dazzling Flash           Conj/Hex       0%         N/A       100%        3
 Ignite Poison            Fire/Tmut/Pois 0%         N/A       100%        3
 Mephitic Cloud           Conj/Pois/Air  0%         N/A       100%        3
 Spider Form              Tmut/Pois      0%         N/A       100%        3
 Airstrike                Air            0%         N/A       100%        4
 Dispel Undead            Necr           0%         3d6       100%        4
 Agony                    Necr           0%         N/A       100%        5
 Alistair's Intoxication  Tmut/Pois      0%         N/A       100%        5
 Freezing Cloud           Conj/Ice/Air   0%         6-21      100%        5
 Lightning Bolt           Conj/Air       0%         1d11      100%        5
 Silence                  Hex/Air        0%         N/A       100%        5
 Invisibility             Hex            0%         N/A       100%        6
 Animate Skeleton         Necr           Unusable   N/A       N/A         1
 Summon Lightning Spire   Summ/Air       Unusable   N/A       N/A         4
 Death Channel            Necr           Unusable   N/A       N/A         6

Dungeon Overview and Level Annotations

Branches:
Dungeon (9/15)             Temple (1/1) D:6            Lair (1/6) D:9
    Orc: D:9-12

Altars:
Ashenzari
Dithmenos
Fedhas
Gozag
Hepliaklqana
Kikubaaqudgha
Makhleb
Nemelex Xobeh
Okawaru
Qazlal
Ru
Sif Muna
Trog
Uskayaw
Vehumet
Wu Jian
Xom
Yredelemnul
Zin
The Shining One

Shops:
D:1 ?   D:6 =


Innate Abilities, Weirdness & Mutations

You are immune to sickness and miasma.
Your stone body is resilient. (AC +7)
You are immune to poison.
You resist negative energy. (rN+)
You are resistant to electric shocks. (rElec)
You are resistant to unholy torment.
You are immune to petrification.


Message History

You hit the komodo dragon but do no damage.
You hit the yak but do no damage. You block the komodo dragon's attack.
The yak barely misses you. The komodo dragon closely misses you.
Unknown command.
You hit the plant.
The plant begins to die.
The plant is lightly damaged.
You hit the komodo dragon. You hit the yak but do no damage.
You block the yak's attack. The komodo dragon bites you!!
The yak gores you but does no damage. The komodo dragon barely misses you.
There is a staircase to the Lair, spattered with blood here.
You see here a yak corpse.
The yak gores you! The komodo dragon bites you!
You hit the yak but do no damage.
The yak is severely wounded.
You hit the komodo dragon but do no damage.
You hit the plant. You block the yak's attack.
The komodo dragon bites you but does no damage.
You hit the yak.
The yak is almost dead.
You slash the plant! You barely miss the komodo dragon.
A nearby plant withers and dies.
The yak barely misses you. The komodo dragon bites you.
* * * LOW HITPOINT WARNING * * *
You hit the yak.
You kill the yak!
Okawaru accepts your kill.
You slash the komodo dragon!
You see here a yak corpse.
You hit the komodo dragon but do no damage.
The komodo dragon is moderately wounded.
You hit the plant.
The plant begins to die.
The komodo dragon bites you but does no damage.
You hit the komodo dragon.
The komodo dragon is heavily wounded.
You hit the plant. The komodo dragon bites you!!
* * * LOW HITPOINT WARNING * * *
You hit the komodo dragon.
The komodo dragon is heavily wounded.
You slash the plant! The komodo dragon bites you!
You die...

###......#.......#^...####....
###...........................
#..........#..##........#.....
#.....................###.....
#...##.......###.......#......
###.........#...≈...#...........
##..).#.....#..#...#..#..........
#(....#.....#.##P..##.#).........
##....#...###...@.....#..........
#.......##.#≈..l>...≈#..........
###.........#.....†...#..#.(.....
#...........#.##PPP##.#..##.#...#
##..........#..#...#..#..##.#...)
###.........#...≈...#...##.#...)
##.........>....###.............)
#.....##.........................
...............[...##............


You could see a komodo dragon.

Vanquished Creatures
  Joseph (D:6)
  Maggie (D:7)
  Prince Ribbit (D:8)
  Grinder (D:5)
  Sigmund (D:3)
  A wyvern (D:9)
  3 yaks
  A wraith (D:8)
  A steam dragon (D:6)
  4 water moccasins
  A hornet zombie (D:5)
  2 orc warriors
  A sky beast (D:5)
  2 black bears
  A necrophage (D:7)
  3 centaurs
  A wolf (D:9)
  A bullfrog (D:6)
  5 scorpions (D:5)
  A gnoll sergeant (D:9)
  A water moccasin skeleton (D:7)
  3 howler monkeys
  2 centaur zombies
  A bullfrog zombie (D:6)
  2 jellies
  2 hounds (D:5)
  7 orc priests
  A gnoll shaman (D:6)
  2 centaur skeletons
  An iguana (D:6)
  8 orc wizards
  A hound skeleton (D:5)
  A howler monkey zombie (D:9)
  Robin (D:3)
  9 gnolls
  A howler monkey skeleton (D:7)
  10 adders
  A shadow imp (D:7)
  A white imp (D:5)
  An ufetubus (D:5)
  3 adder skeletons (D:5)
  6 dart slugs
  35 orcs
  5 ball pythons
  5 bats
  7 endoplasms
  2 giant cockroaches (D:1)
  11 hobgoblins
  3 jackals (D:2)
  10 quokkas
  4 frilled lizards
  13 goblins
  9 kobolds
  2 rats (D:1)
204 creatures vanquished.

Vanquished Creatures (others)
  A human (D:6)
  2 orc wizards (D:8)
  An orc (D:7)
  5 fungi (D:9)
  2 plants (D:9)
11 creatures vanquished.

Grand Total: 215 creatures vanquished

Notes
Turn   | Place    | Note
-------+----------+-------------------------------------------
     0 | D:1      | bande the Gargoyle Fighter began the quest for the Orb.
     0 | D:1      | Reached XP level 1. HP: 14/14 MP: 1/1
   198 | D:1      | Reached XP level 2. HP: 11/19 MP: 2/2
   376 | D:1      | Reached skill level 2 in Axes
   605 | D:1      | Found a faded altar of an unknown god.
   683 | D:1      | Got Plato's Catalogue of Stolen Souls
   818 | D:1      | Reached XP level 3. HP: 20/24 MP: 3/3
   912 | D:1      | Found Jyruggur's Magic Scroll Boutique.
  1396 | D:2      | Reached XP level 4. HP: 24/29 MP: 4/4
  2104 | D:3      | Noticed Sigmund
  2113 | D:3      | Killed Sigmund
  2114 | D:3      | Reached skill level 4 in Axes
  2114 | D:3      | Reached XP level 5. HP: 28/33 MP: 3/5
  2114 | D:3      | Reached XP level 6. HP: 33/38 MP: 3/6
  2170 | D:3      | Found a burning altar of Makhleb.
  2211 | D:3      | Found a glowing silver altar of Zin.
  2554 | D:3      | Found a faded altar of an unknown god.
  2555 | D:3      | Found a hazy altar of Hepliaklqana.
  2967 | D:3      | Identified the +1 helmet "Eleinaus" {Str+3}
  2967 | D:3      | Noticed Robin
  2990 | D:3      | Killed Robin
  3549 | D:4      | Reached skill level 5 in Axes
  3549 | D:4      | Reached XP level 7. HP: 44/44 MP: 7/7
  3865 | D:5      | Entered Level 5 of the Dungeon
  3897 | D:5      | Found a bloodstained altar of Trog.
  3898 | D:5      | Found an opulent altar of Gozag.
  3976 | D:5      | Reached skill level 1 in Evocations
  4012 | D:5      | Noticed a yak
  4029 | D:5      | Killed a yak
  4030 | D:5      | Reached skill level 5 in Fighting
  4030 | D:5      | Reached skill level 6 in Axes
  4030 | D:5      | Reached skill level 5 in Armour
  4030 | D:5      | Reached XP level 8. HP: 40/49 MP: 8/8
  4113 | D:5      | Identified the +3 mace of Pain and Death {vorpal, Fragile
                  | rC+ rCorr Dex+3}
  4380 | D:5      | Noticed Grinder
  4414 | D:5      | Killed Grinder
  4415 | D:5      | Reached skill level 7 in Axes
  4716 | D:6      | Reached XP level 9. HP: 55/55 MP: 9/9
  4720 | D:6      | Reached skill level 5 in Shields
  4737 | D:6      | Found a staircase to the Ecumenical Temple.
  4886 | D:6      | Identified the +5 chain mail of the Present {rPois}
  5096 | D:6      | Found Ocriulukh's Jewellery Emporium.
  5203 | D:6      | Found an ancient bone altar of Kikubaaqudgha.
  5298 | Temple   | Entered the Ecumenical Temple
  5342 | Temple   | Became a worshipper of Warmaster Okawaru
  5541 | D:7      | Noticed Joseph
  5731 | D:6      | Killed Joseph
  5731 | D:6      | Reached * piety under Okawaru
  5732 | D:6      | Reached skill level 8 in Axes
  5951 | D:7      | Noticed Maggie
  5973 | D:7      | Killed Maggie
  5974 | D:7      | Reached XP level 10. HP: 31/61 MP: 10/10
  6377 | D:8      | Found a radiant altar of Vehumet.
  6415 | D:8      | Reached ** piety under Okawaru
  6442 | D:8      | Reached skill level 9 in Axes
  6581 | D:8      | Noticed Prince Ribbit
  6596 | D:8      | Killed Prince Ribbit
  6597 | D:8      | Reached skill level 5 in Evocations
  6897 | D:8      | Found a sparkling altar of Nemelex Xobeh.
  7715 | D:9      | Reached skill level 1 in Invocations
  7873 | D:9      | Found a staircase to the Lair.
  8061 | Lair:1   | Entered Level 1 of the Lair of Beasts
  8089 | D:9      | Reached *** piety under Okawaru
  8122 | D:9      | HP: 3/63 [komodo dragon (18)]
  8123 | D:9      | Mangled by a komodo dragon

Illustrated notes

Levels and vault maps discovered:
D:1:      psy_arrival_statuary, layout_rooms, serial_shops,
          nicolae_shop_waterfront, shapermc_ecumenical_altar_rom_forum
D:2:      kb_forest_paths, layout_basic
D:3:      minmay_angry_zag, layout_loops_ring,
          beargit_hepliaklqana_dungeon_heroes, old_standard_altar,
          zin_scriptorium, uniq_sigmund, uniq_robin
D:4:      layout_gridville, dk_vineyard_3, minmay_misc_feat_x
D:5:      cheibrodos_fzero, layout_basic,
          chequers_temple_overflow_statue_of_worship, st_stairs_7, uniq_grinder
D:6:      layout_loops_ring, tgw_kikubaaqudgha, temple_fountains, serial_shops,
          nicolae_stop_n_shop_1
D:7:      layout_cave_pools, uniq_joseph, uniq_maggie
D:8:      layout_basic, mainiacjoe_overflow_brackets, mainiacjoe_overflow_paths,
          uniq_prince_ribbit1
D:9:      layout_cave_pools, dpeg_oklobed_lair
Temple:   minmay_temple_bridge_abc
Lair:1:   layout_cave_shapes, grunt_megastairs_5, serial_bayou_shore_b,
          infiniplex_staircase_pool_2, serial_bayou_shore_a

Skill      XL: |  1  2  3  4  5  6  7  8  9 10 |
---------------+-------------------------------+-----
Axes           | 2 4 5 6 7 8 9 |  9.4
Armour         | 4 5 6 7 |  7.4
Fighting       | 4 5 6 7 |  7.2
Shields        | 4 5 6 |  6.2
Evocations     | 1 3 4 5 |  5.3
Invocations    | 1 |  1.6

Action                   |  1- 3 |  4- 6 |  7- 9 | 10-12 || total
-------------------------+-------+-------+-------+-------++-------
Melee: War axe           |   126 |   189 |    11 |       ||   326
       Hand axe          |       |       |   337 |   192 ||   529
  Use: Scroll            |     5 |     4 |     3 |     4 ||    16
       Potion            |       |     1 |       |       ||     1
Armor: Scale mail        |    69 |     9 |       |       ||    78
       Chain mail        |       |   117 |   200 |    87 ||   404
       Plate armour      |       |       |    14 |       ||    14
Dodge: Dodged            |    66 |    57 |   172 |   113 ||   408
Block: Buckler           |    29 |    45 |   116 |    47 ||   237

Table legend: (Time is in decaauts)
 A = Elapsed time spent in this place.
 B = Non-inter-level travel time spent in this place.
 C = Inter-level travel time spent in this place.
 D = Time resting spent in this place.
 E = Time spent auto-exploring this place.
 F = Levels seen in this place.
 G = Mean time per level.
                   A        B        C        D        E       F      G
               +--------+--------+--------+--------+--------+-----+--------+
         Total |   8200 |   7857 |    343 |    261 |   5181 |  11 |  745.5 |
       Dungeon |   8114 |   7771 |    343 |    261 |   5171 |   9 |  901.6 |
        Temple |     72 |     72 |      0 |      0 |     10 |   1 |   72.0 |
          Lair |     13 |     13 |      0 |      0 |      0 |   1 |   13.0 |
               +--------+--------+--------+--------+--------+-----+--------+

Top non-repeatable levels by time:
     D:8: 1297 daAuts
     D:3: 1165 daAuts
     D:2: 1129 daAuts
     D:1: 1037 daAuts
     D:6: 904 daAuts
     D:5: 754 daAuts
     D:7: 683 daAuts
     D:4: 646 daAuts
     D:9: 496 daAuts
  Temple: 72 daAuts
  Lair:1: 13 daAuts
